 Dungeon Crawl Stone Soup version 0.28.0-45-g0d030f2227 (webtiles) character file.

Game seed: 8273708355877998574

16 psko the Sneak (level 2, -3/13 HPs)
             Began as a Spriggan Conjurer on Apr 10, 2022.
             Frozen to death by an endoplasm (5 damage)
             ... on level 1 of the Dungeon.
             The game lasted 00:06:50 (832 turns).

psko the Sneak (Spriggan Conjurer)                   Turns: 832, Time: 00:06:50

Health: -3/13      AC:  3    Str:  3    XL:     2   Next: 37%
Magic:  6/6        EV: 17    Int: 19    God:
Gold:   0          SH:  0    Dex: 13    Spells: 5/6 levels left

rFire   . . .      SeeInvis +   e - +6 falchion
rCold   . . .      Faith    .   (no shield)
rNeg    . . .      Spirit   .   a - +0 robe
rPois   .          Reflect  .   (helmet restricted)
rElec   .          Harm     .   g - +0 cloak
rCorr   .          Rampage  .   (gloves unavailable)
Will    .....                   (boots unavailable)
Stlth   ++........              (no amulet)
HPRegen 0.04/turn               (no ring)
MPRegen 0.10/turn               (no ring)

@: very quick
A: very small, no large weapons, unfitting armour, see invisible, speed 3
a: no special abilities


You were on level 1 of the Dungeon.
You visited 1 branch of the dungeon, and saw 1 of its levels.

Inventory:

Hand Weapons
 c - a +0 club
 d - a +0 hand axe
 e - a +6 falchion (weapon)
Armour
 a - a +0 robe (worn)
 g - a +0 cloak (worn)
Scrolls
 b - a scroll of enchant weapon {unknown}
Potions
 f - a potion of attraction {unknown}


   Skills:
 + Level 2.7 Dodging
 + Level 3.3 Stealth
 + Level 2.9 Spellcasting
 + Level 3.3 Conjurations


You had 5 spell levels left.
You knew the following spells:

 Your Spells              Type           Power      Damage    Failure   Level
a - Magic Dart            Conj           60%        1d6       4%          1

Your spell library contained the following spells:

 Spells                   Type           Power      Damage    Failure   Level
 Searing Ray              Conj           30%        2d5       6%          2
 Dazzling Flash           Conj/Hex       18%        N/A       24%         3
 Fulminant Prism          Conj/Hex       4%         3d6       61%         4
 Iskenderun's Mystic Bla  Conj/Tloc      9%         2d4       61%         4


Dungeon Overview and Level Annotations

Branches:
Dungeon (1/15)

Altars:

Annotations:
D:1 1 runed translucent door


Innate Abilities, Weirdness & Mutations

You are very small and have problems with some larger weapons.
You are too small for most types of armour.
You have supernaturally acute eyesight. (SInv)
You cover ground extremely quickly. (Speed+++)


Message History

Aiming: Magic Dart (safe; 4% risk of failure)
Press: ? - help, Shift-Dir - straight line, f - hobgoblin
Aim: a hobgoblin (100% to hit)
The magic dart hits the hobgoblin but does no damage.
Found 14 arrows.
The hobgoblin hits you.
You closely miss the hobgoblin. The hobgoblin closely misses you.
A dart slug comes into view.
You slash the hobgoblin!
You kill the hobgoblin!
An endoplasm comes into view.
You see here a hobgoblin corpse.
Found a stone staircase leading down.
You hit the dart slug.
The dart slug is heavily wounded.
The dart slug bites you.
You hit the dart slug.
You kill the dart slug!
The endoplasm freezes you.
You are frozen.
The endoplasm barely misses you.
You see here 14 arrows.
You hit the endoplasm.
The endoplasm is severely wounded.
The endoplasm freezes you.
You are frozen.
You barely miss the endoplasm.
The endoplasm is heavily wounded.
The endoplasm freezes you.
You are frozen.
* * * LOW HITPOINT WARNING * * *
The endoplasm hits you but does no damage.
You hit the endoplasm but do no damage.
The endoplasm is heavily wounded.
The endoplasm freezes you.
You are frozen.
* * * LOW HITPOINT WARNING * * *
You barely miss the endoplasm.
The endoplasm is heavily wounded.
The endoplasm freezes you.
You are frozen.
You die...

+..# .... ##.## .......
# ..... ......# .#
##.######......######.#
##.....................
........#....... .... .
######..######.##..#
... #...#.#.#.#.#.#...#
#.....†...J@(..#
#..##.#.#.#.#.#...#
#..#............ .#
##.##.#.#.#.#.#.#
#.#........>...#
####.#.#.#.#.#.#
#............#
##.#.#.#.#.#.#


You could see an endoplasm.

Vanquished Creatures
  A dart slug (D:1)
  3 endoplasms (D:1)
  2 giant cockroaches (D:1)
  2 hobgoblins (D:1)
  2 bats (D:1)
  A goblin (D:1)
  A kobold (D:1)
12 creatures vanquished.

Notes
Turn   | Place    | Note
-------+----------+-------------------------------------------
     0 | D:1      | psko the Spriggan Conjurer began the quest for the Orb.
     0 | D:1      | Reached XP level 1. HP: 9/9 MP: 5/5
     3 | D:1      | Found a runed translucent door.
   690 | D:1      | Reached XP level 2. HP: 13/13 MP: 3/6
   832 | D:1      | Frozen to death by an endoplasm

Illustrated notes

Levels and vault maps discovered:
D:1:      dpeg_arrival_caged_fury, layout_basic, minmay_crystal_water,
          st_stairs_10, minmay_misc_feat_secret_circle

Skill      XL: |  1 |
---------------+----+-----
Conjurations   | 3 |  3.3
Dodging        | |  2.7
Stealth        | |  3.3
Spellcasting   | |  2.9

Action                   || total
-------------------------++-------
Melee: Falchion          ||    18
 Cast: Magic Dart        ||    26
Armor: Robe              ||     6
Dodge: Dodged            ||    15
